Map: Ice and Chrome LE

Players

HeroMarine

  • Race: Terran Terran
  • League: Master
  • Spawn Location: 1:00

Serral - Winner!

  • Race: Zerg Zerg
  • League: Master
  • Spawn Location: 7:00

Event: DreamHack SC2 Masters 2020 Fall

VOD

Have the link to the VOD?

Description

Time

  • Played on: Sept. 12, 2020, 12:36 p.m.
  • Length: 21:24

All games in this series

Show
View Real Time Build Order
Export as new Build Order

HeroMarine Terran 

Build Orders: Hellion Opening, Reaper Expand 

Get SALT Encoding   

  12  0:00  SCV  
  13  0:12  SCV  
  14  0:17  Supply Depot  
  14  0:24  SCV  
  15  0:38  SCV  
  15  0:40  Barracks  
  16  0:43  Refinery  
  16  0:50  SCV  
  17  1:03  SCV  
  18  1:15  SCV  
  19  1:26  Reaper  
  19  1:27  Orbital Command  
  20  1:39  Command Center  
  20  1:49  Supply Depot  
  20  1:52  SCV  
  21  1:58  Marine  
  22  2:04  SCV  
  23  2:12  Factory  
  23  2:16  SCV  
  23  2:20  Barracks Reactor  
  24  2:28  SCV  
  25  2:41  SCV, Command Center  
  26  2:52  Orbital Command  
  26  2:53  SCV  
  27  3:00  Starport  
  27  3:05  SCV  
  28  3:06  Refinery  
  28  3:09  Hellion  
  28  3:12  Hellion  
  32  3:17  SCV  
  32  3:19  SCV  
  34  3:24  Marine  
  35  3:29  SCV  
  35  3:30  Hellion  
  35  3:31  SCV  
  35  3:34  Hellion  
  41  3:37  Starport Tech Lab  
  41  3:41  SCV  
  41  3:43  SCV  
  41  3:45  Barracks Tech Lab  
  43  3:52  Hellion  
  43  3:54  Orbital Command  
  43  3:55  Hellion  
  47  3:56  SCV x2  
  47  4:00  Raven  
  51  4:08  SCV x2, Supply Depot, Marine  
  54  4:17  Hellion x2  
  58  4:20  SCV x2  
  58  4:21  SCV  
  61  4:28  Stimpack  
  61  4:30  Supply Depot, Marine  
  62  4:32  SCV x2  
  62  4:37  Orbital Command  
  64  4:44  SCV  
  64  4:45  SCV  
  66  4:47  Marine, Barracks  
  66  4:49  Barracks  
  66  4:51  Starport Reactor, Factory Reactor  
  67  4:53  Engineering Bay x2, Refinery  
  67  4:55  Refinery  
  67  4:56  SCV  
  67  4:57  SCV  
  69  5:05  Marine  
  70  5:07  Supply Depot  
  70  5:08  SCV  
  70  5:09  SCV x2  
  73  5:20  SCV, Terran Infantry Weapons Level 1, Terran Infantry Armor Level 1  
  73  5:21  SCV x2  
  76  5:23  Marine  
  77  5:30  Barracks x2  
  77  5:33  SCV x3  
  80  5:37  Barracks Reactor  
  80  5:38  Widow Mine x2  
  80  5:41  Supply Depot  
  85  5:43  Supply Depot  
  85  5:45  SCV  
  85  5:49  Supply Depot  
  85  5:53  Supply Depot  
  85  6:02  SCV x3, Marine x3  
  91  6:07  Supply Depot  
  87  6:15  SCV x3, Marine x2  
  87  6:16  Medivac x2  
  87  6:17  Widow Mine x2  
  91  6:20  Marine x2  
  91  6:21  Marine  
  91  6:22  Armory  
  91  6:23  Barracks Reactor  
  91  6:24  Barracks Reactor, Combat Shield  
  90  6:27  SCV x3  
  90  6:32  Supply Depot x2  
  93  6:33  Marine x2  
  93  6:38  Marine x2  
  93  6:39  SCV x2, Marine  
  100  6:41  Supply Depot, Refinery x2  
  100  6:43  SCV  
  101  6:49  Medivac x2  
  101  6:51  SCV, Marine x2, Widow Mine  
  101  6:52  Widow Mine  
  112  6:56  Marine x2  
  112  6:57  Marine  
  115  7:03  SCV  
  115  7:04  SCV x2, Factory, Marine x2  
  115  7:07  Marine x2  
  122  7:09  Marine x2  
  122  7:13  Marine x2  
  118  7:16  Marine  
  118  7:19  Widow Mine  
  118  7:20  Widow Mine  
  118  7:22  Marine x2  
  125  7:24  Marine  
  125  7:25  Marine  
  125  7:26  Marine  
  125  7:27  Command Center, Marine  
  129  7:30  Medivac x2  
  129  7:31  Marine x2  
  129  7:34  Marine  
  136  7:37  Terran Infantry Armor Level 2, Terran Infantry Weapons Level 2  
  136  7:40  Marine x2  
  136  7:42  Marine  
  136  7:43  Marine  
  140  7:44  Marine  
  140  7:45  Marine  
  140  7:49  Marine x2  
  140  7:51  Marine  
  140  7:53  SCV  
  140  7:54  SCV x2  
  140  7:57  Marine  
  140  7:58  Marine  
  137  8:00  Marine x2  
  137  8:02  Marine x2  
  137  8:05  SCV  
  142  8:06  SCV x2  
  142  8:07  Marine x2  
  142  8:09  Marine  
  141  8:15  Marine x2  
  141  8:17  Medivac, Widow Mine x2  
  141  8:18  Drilling Claws  
  141  8:19  Marine x2  
  149  8:24  SCV x3  
  152  8:28  Marine  
  152  8:29  Marine x2  
  152  8:33  Marine x2  
  154  8:34  Marine  
  154  8:35  Marine  
  154  8:36  SCV  
  154  8:37  SCV, Marine  
  154  8:40  Widow Mine x2  
  156  8:41  Widow Mine  
  156  8:42  Medivac  
  156  8:45  SCV  
  156  8:47  Medivac  
  163  8:48  SCV  
  163  8:49  SCV, Marine x2  
  167  8:56  Missile Turret  
  167  8:57  SCV  
  167  8:59  Missile Turret  
  167  9:01  SCV, Widow Mine x2  
  171  9:03  SCV  
  172  9:10  Missile Turret  
  172  9:13  Marine  
  172  9:16  SCV x2  
  172  9:17  SCV  
  162  9:20  Planetary Fortress  
  162  9:21  Marine x4  
  162  9:22  Marine x2  
  165  9:26  Barracks  
  165  9:29  Barracks  
  165  9:30  Barracks  
  165  9:33  Marine x2  
  165  9:34  Marine  
  165  9:36  Widow Mine x2  
  172  9:43  Supply Depot  
  172  9:44  Supply Depot, Marine, Thor  
  179  9:50  Sensor Tower  
  179  9:52  Marine x2  
  179  9:58  Marauder  
  179  10:01  Marine  
  179  10:02  Missile Turret  
  179  10:03  Sensor Tower  
  179  10:04  Marine x5  
  185  10:08  Supply Depot, Missile Turret, Widow Mine x2  
  185  10:10  Marine  
  189  10:20  Marauder, Barracks Tech Lab x3  
  187  10:26  Thor  
  187  10:27  SCV x2  
  188  10:29  SCV, Widow Mine x2  
  188  10:33  Terran Infantry Weapons Level 3  
  186  10:35  Terran Infantry Armor Level 3  
  173  10:44  SCV x2  
  173  10:45  SCV  
  173  10:46  Marauder x2  
  170  10:51  Bunker  
  170  10:52  Marine x2  
  172  10:57  Missile Turret  
  172  11:01  Marauder x2  
  172  11:02  Missile Turret  
  172  11:04  Sensor Tower  
  176  11:05  Liberator x2  
  176  11:07  Marauder, Widow Mine x2  
  176  11:09  SCV x2  
  176  11:10  SCV  
  192  11:11  SCV  
  192  11:17  Marauder, Marine x2  
  188  11:21  Missile Turret  
  188  11:22  Missile Turret  
  188  11:23  Marauder  
  188  11:24  Marine x2  
  191  11:26  Marauder  
  191  11:29  Supply Depot  
  191  11:30  Supply Depot  
  191  11:32  Marauder, Marine  
  196  11:43  Marine  
  196  11:45  Marine  
  196  11:46  Marauder x2, Marine  
  192  11:50  Marine  
  192  11:51  Marine x2  
  179  11:55  SCV  
  179  11:56  SCV x2  
  179  11:57  SCV  
  179  11:59  Marine x3  
  179  12:00  Marine  
  184  12:07  SCV, Marauder  
  184  12:08  SCV x2  
  189  12:09  SCV  
  189  12:12  Missile Turret  
  190  12:16  Missile Turret  
  190  12:17  Marauder  
  190  12:18  Marauder, Thor  
  190  12:20  SCV x2  
  200  12:29  Concussive Shells  
  200  12:33  Marine  
  184  12:43  Marauder x2, Marine x2  
  165  12:45  Marine x4  
  165  12:48  Marauder, Marine x2  
  148  12:51  Marine  
  148  12:52  Widow Mine x2  
  152  13:01  Marine x2  
  152  13:02  Marine  
  152  13:03  Marine x2  
  152  13:04  Marauder  
  152  13:05  Marauder  
  138  13:07  Marine  
  138  13:08  Marine  
  138  13:09  Marauder, Marine x2  
  138  13:11  Medivac x2, Widow Mine  
  139  13:14  Widow Mine  
  139  13:18  Widow Mine  
  139  13:19  Marine x2  
  145  13:20  Marine x2  
  145  13:21  Marine  
  145  13:25  Marine x2  
  145  13:26  Marauder, Marine  
  141  13:27  Marine  
  141  13:32  Widow Mine  
  141  13:34  Marauder  
  145  13:35  Widow Mine  
  145  13:37  Marine x2  
  145  13:39  Marine x3  
  145  13:40  Widow Mine  
  145  13:41  Marauder  
  148  13:43  Marauder  
  148  13:46  Medivac x2, Marine x2  
  156  13:49  Marauder  
  156  13:50  Marine  
  150  13:58  Marauder, Marine  
  147  14:06  Marauder  
  147  14:08  Marine x2  
  144  14:10  Marauder, Marine  
  144  14:13  Marine x2  
  144  14:15  Marauder  
  141  14:18  Marine  
  141  14:19  Marine x2  
  141  14:20  Marauder  
  128  14:24  Medivac  
  128  14:25  Medivac, Widow Mine x2, Marine x2  
  128  14:27  Marauder  
  128  14:28  Marine  
  128  14:31  Marine x3  
  126  14:36  Marine x2  
  126  14:37  Marine x2  
  124  14:40  Marine  
  124  14:43  Marine x2  
  118  14:46  Marine  
  118  14:48  Marauder  
  118  14:49  Marine x3  
  118  14:52  Widow Mine x3  
  126  14:53  Marine  
  126  14:54  Medivac, Marauder, Marine  
  126  14:55  Medivac, Orbital Command, Marine  
  126  14:58  Marine  
  136  15:01  Marine x2  
  136  15:04  Marine  
  136  15:06  Marine  
  142  15:07  Marauder  
  142  15:13  Marine  
  142  15:14  Marine, Widow Mine x2  
  136  15:15  Marauder  
  136  15:17  Marine x2  
  136  15:21  Marine x2  
  135  15:22  Marine x2  
  135  15:26  Marine x2  
  135  15:27  Bunker  
  139  15:31  Marauder  
  139  15:32  Marine  
  139  15:33  Marine  
  139  15:34  Marine  
  139  15:35  Widow Mine  
  148  15:36  Medivac x2, Widow Mine  
  148  15:37  Widow Mine  
  148  15:39  Marauder  
  148  15:40  Marauder  
  148  15:41  Marine  
  153  15:47  Marauder, Marine x2  
  157  15:51  Missile Turret  
  157  15:55  Marauder, Marine x2  
  157  15:56  Widow Mine  
  163  15:57  Bunker  
  163  15:58  Widow Mine  
  163  16:00  Marauder, Thor  
  163  16:02  Marine x2  
  163  16:03  Marine  
  176  16:07  Marauder, Marine x2  
  176  16:08  Marine  
  181  16:13  Marine  
  181  16:14  Marauder  
  181  16:16  Marauder  
  186  16:25  Marauder  
  165  16:34  Marine x2  
  165  16:35  Marauder  
  165  16:37  SCV x2  
  165  16:38  SCV, Marine x2  
  165  16:39  Marauder  
  169  16:41  Marauder  
  169  16:44  Marine x2  
  169  16:45  Marine x2  
  169  16:46  Marine  
  159  16:52  Marine x2  
  157  16:55  Medivac x2  
  157  16:56  Marauder  
  153  17:02  Marauder x2  
  153  17:03  Marine  
  153  17:04  Marine x2  
  153  17:06  Marine x4  
  160  17:08  SCV  
  160  17:09  SCV, Marine  
  160  17:10  Marine  
  160  17:11  SCV  
  164  17:17  Marine  
  164  17:21  Marine  
  164  17:22  Marine x2  
  133  17:23  Marauder, Marine x2  
  133  17:24  Marine x3  
  133  17:27  Marine  
  133  17:28  Marine  
  128  17:35  Marauder, Widow Mine x2  
  122  17:37  Widow Mine  
  122  17:39  Marine  
  122  17:40  Marine x2  
  122  17:41  Marine  
  122  17:42  Medivac  
  122  17:43  Marine x2  
  129  17:44  Marine  
  129  17:47  Marine  
  129  17:48  Marine x2  
  129  17:49  Marine  
  134  17:56  Marine x2, Widow Mine  
  134  17:57  Medivac  
  134  17:58  Marine x2  
  141  17:59  Marine  
  143  18:07  Marauder x2, Marine  
  143  18:08  Marine  
  143  18:11  Missile Turret x2  
  143  18:12  Marine x2  
  149  18:14  Marauder  
  149  18:15  Marine x2  
  149  18:17  Orbital Command  
  153  18:20  Marauder, Marine x2  
  153  18:25  Marine x2  
  159  18:29  Marauder, Marine  
  159  18:30  Marine  
  159  18:33  Marine  
  161  18:41  Marauder, Marine x3  
  162  18:42  Marine  
  162  18:47  Marauder, Marine  
  162  18:48  Marine x3  
  171  18:50  Marine  
  171  18:51  Marine  
  173  18:59  Marine x4  
  173  19:02  Marine  
  178  19:03  Refinery x2, Widow Mine  
  178  19:05  Marine x2  
  178  19:06  Marauder, Marine  
  178  19:08  Marine x2  
  185  19:15  Marine  
  185  19:16  Marine  
  159  19:19  Marine x2  
  159  19:20  Marauder  
  130  19:31  Marauder, Marine x2  
  130  19:32  Marauder, Marine x3  
  130  19:33  Marine  
  130  19:34  Marine  
  130  19:37  Marine x2  
  136  19:41  Marine  
  137  19:47  Widow Mine  
  137  19:49  Marine x2  
  137  19:50  Widow Mine, Marine x2  
  137  19:51  Marauder, Marine  
  137  19:52  Marine x2  
  149  19:53  Marauder  
  149  19:55  Marine x2, Widow Mine  
  149  19:59  Marine  
  149  20:05  Missile Turret  
  150  20:07  Missile Turret, Marine x2  
  150  20:08  Marine x2  
  150  20:09  Missile Turret  
  150  20:13  Marine  
  150  20:14  Marauder, Marine x3  
  145  20:15  Marine  
  145  20:16  Marine x2  
  145  20:20  Widow Mine  
  145  20:21  Widow Mine  
  156  20:22  Bunker  
  156  20:24  Bunker  
  156  20:25  Marine x4  
  160  20:31  Marine x3  
  160  20:32  Marine  
  160  20:33  Marine  
  160  20:34  Marine  
  159  20:36  Marauder, Marine  
  144  20:42  Marine  
  144  20:43  Marine x2, Widow Mine x2  
  144  20:49  Marine x2  
  146  20:51  Marauder, Marine  
  146  20:54  Marine x2  
  146  20:55  Marauder, Marine  
  146  20:57  Marine  
  137  21:00  Marine x2  
  137  21:04  Marine  
Show
View Real Time Build Order
Export as new Build Order

Serral Zerg - Winner!

Build Orders: Hatch First, Muta Ling Bane 

Get SALT Encoding   

  12  0:01  Drone  
  13  0:12  Overlord  
  13  0:17  Drone  
  14  0:31  Drone x2  
  16  0:48  Hatchery  
  15  0:52  Drone  
  15  0:54  Drone  
  17  0:57  Drone  
  18  1:08  Extractor  
  17  1:13  Spawning Pool  
  17  1:16  Drone  
  17  1:19  Drone  
  18  1:28  Drone  
  19  1:38  Drone  
  20  1:49  Overlord  
  20  1:59  Queen x2  
  20  2:00  Zergling x4  
  26  2:11  Drone x2  
  26  2:12  Metabolic Boost  
  28  2:21  Drone x2  
  30  2:33  Spore Crawler  
  29  2:41  Drone  
  29  2:42  Hatchery  
  30  2:48  Queen  
  30  2:50  Overlord  
  32  2:54  Drone  
  32  2:56  Drone  
  32  2:58  Drone  
  35  3:00  Drone  
  36  3:05  Pneumatized Carapace  
  36  3:11  Drone x2  
  36  3:12  Drone  
  39  3:14  Drone  
  39  3:19  Overlord  
  40  3:22  Drone x2  
  42  3:28  Queen  
  42  3:32  Overlord  
  44  3:37  Overlord  
  44  3:40  Drone  
  45  3:42  Drone x2  
  45  3:45  Zergling x2  
  48  3:49  Zergling x2  
  48  3:50  Drone  
  48  3:54  Drone  
  51  3:56  Drone x2  
  51  3:58  Queen  
  51  4:00  Zergling x2  
  51  4:01  Drone  
  51  4:02  Drone  
  57  4:06  Queen  
  57  4:09  Zergling x2  
  60  4:10  Drone  
  60  4:12  Drone  
  60  4:13  Drone  
  60  4:16  Overlord  
  63  4:17  Drone  
  63  4:23  Zergling x2  
  65  4:24  Overlord  
  65  4:25  Drone  
  65  4:28  Overlord  
  66  4:31  Zergling x2  
  66  4:34  Drone  
  66  4:36  Queen  
  70  4:40  Drone x2, Extractor  
  70  4:41  Evolution Chamber x2  
  70  4:42  Drone x2  
  72  4:45  Zergling x2  
  72  4:46  Drone  
  72  4:47  Drone x2  
  72  4:49  Drone  
  72  4:52  Overlord  
  76  4:57  Zergling x2  
  77  5:03  Drone  
  78  5:07  Zergling x10  
  78  5:11  Zerg Melee Weapons Level 1, Zerg Ground Armor Level 1  
  78  5:13  Zergling x4  
  85  5:16  Overlord  
  85  5:20  Zergling x2  
  85  5:21  Zergling x4  
  88  5:22  Hatchery  
  88  5:23  Zergling x4  
  89  5:29  Zergling x6  
  89  5:34  Lair  
  92  5:36  Baneling Nest  
  92  5:41  Zergling x4  
  92  5:42  Zergling x2  
  94  5:44  Drone x2  
  94  5:47  Overlord, Drone  
  94  5:48  Drone x4  
  101  5:51  Extractor  
  101  5:53  Drone, Extractor x2  
  99  6:02  Overlord  
  97  6:05  Drone  
  97  6:10  Drone x6  
  99  6:16  Drone  
  99  6:17  Drone x2  
  101  6:20  Drone x3  
  101  6:24  Extractor  
  101  6:25  Drone x2  
  105  6:26  Drone  
  105  6:28  Hatchery  
  105  6:30  Overlord  
  105  6:32  Centrifical Hooks, Drone  
  106  6:33  Zergling x2  
  106  6:37  Zergling x8  
  111  6:42  Queen  
  111  6:43  Spore Crawler  
  111  6:46  Drone x4  
  116  6:47  Spire  
  116  6:50  Baneling x7  
  116  6:51  Baneling x3  
  116  6:53  Zergling x8  
  119  6:58  Overlord  
  119  7:01  Zergling x10  
  119  7:02  Overseer  
  119  7:03  Baneling x3  
  119  7:04  Baneling  
  119  7:07  Baneling x5  
  118  7:17  Drone x5  
  118  7:18  Drone  
  118  7:19  Overlord  
  118  7:20  Zerg Melee Weapons Level 2  
  118  7:22  Queen  
  124  7:23  Drone x2  
  124  7:25  Extractor  
  124  7:26  Overlord  
  124  7:29  Overlord  
  124  7:37  Zerg Ground Armor Level 2  
  123  7:46  Hatchery  
  121  7:53  Zergling x22  
  121  7:54  Zergling x8  
  121  7:56  Baneling x4  
  121  7:57  Baneling x4  
  132  8:03  Overlord  
  131  8:06  Zergling x12  
  127  8:17  Mutalisk x6  
  138  8:21  Drone x3  
  138  8:22  Drone  
  138  8:25  Drone x2  
  144  8:28  Overlord x2  
  144  8:30  Overseer  
  144  8:32  Zergling x12  
  147  8:39  Zergling x4  
  139  8:46  Zergling x14  
  145  8:48  Zerg Flyer Weapons Level 1  
  145  8:51  Mutalisk  
  145  8:54  Baneling x10  
  147  8:56  Overseer  
  147  8:57  Zergling x8  
  147  8:58  Zergling x2  
  147  9:01  Mutalisk x3  
  158  9:05  Queen  
  159  9:11  Zergling x18  
  157  9:19  Zergling x16  
  162  9:24  Infestation Pit, Drone x2  
  162  9:28  Mutalisk x4  
  171  9:32  Zergling x8  
  171  9:37  Baneling x7  
  175  9:41  Spore Crawler  
  175  9:42  Drone x3  
  176  9:49  Overlord, Drone  
  176  9:50  Zergling x20  
  186  9:59  Mutalisk x4  
  192  10:13  Queen  
  188  10:14  Zergling x24  
  188  10:18  Baneling x10  
  200  10:27  Overlord  
  192  10:28  Hive  
  192  10:32  Baneling x7  
  184  10:39  Zergling x36  
  193  10:45  Zergling x2  
  193  10:46  Zergling x12  
  196  10:54  Drone x2  
  196  10:56  Hatchery  
  196  10:57  Hatchery  
  197  11:01  Baneling  
  197  11:02  Baneling x3  
  197  11:03  Baneling x10  
  197  11:05  Baneling x4  
  197  11:06  Baneling x2  
  197  11:08  Zerg Flyer Weapons Level 2  
  195  11:12  Zergling x10  
  191  11:20  Mutalisk  
  191  11:21  Mutalisk  
  191  11:22  Drone x2  
  191  11:24  Overlord  
  197  11:26  Zergling x8  
  197  11:31  Drone  
  199  11:33  Spine Crawler, Baneling x10  
  199  11:34  Baneling x2  
  198  11:46  Zergling x28  
  197  11:49  Baneling x12  
  183  12:00  Mutalisk x2  
  170  12:06  Zergling x26  
  177  12:09  Mutalisk  
  177  12:10  Mutalisk  
  181  12:19  Zergling x2  
  181  12:20  Zergling x10  
  187  12:23  Overseer  
  187  12:27  Zergling x2  
  187  12:28  Baneling x4  
  185  12:36  Hatchery  
  171  12:39  Zergling x2  
  171  12:40  Zergling x34  
  160  12:48  Mutalisk x5  
  160  12:50  Zergling x2  
  166  12:55  Baneling x6  
  144  13:08  Zergling x42  
  144  13:09  Zergling x8  
  144  13:11  Overseer  
  145  13:17  Overseer  
  142  13:20  Zergling x12  
  144  13:27  Baneling x11  
  144  13:28  Zergling x8  
  144  13:29  Zergling x2  
  149  13:36  Zergling x2  
  149  13:37  Zergling x8  
  149  13:39  Zergling x24  
  154  13:42  Baneling x10  
  154  13:47  Mutalisk x3  
  154  13:48  Mutalisk  
  149  13:56  Zergling x16  
  149  14:00  Baneling x5  
  149  14:01  Zergling x4, Baneling x2  
  149  14:06  Zergling x28  
  149  14:08  Hatchery, Queen x2  
  148  14:14  Zergling x10  
  146  14:23  Mutalisk x5  
  142  14:27  Overlord x2, Overseer  
  142  14:28  Overlord x2  
  142  14:29  Baneling  
  142  14:30  Baneling  
  130  14:34  Zergling x8  
  125  14:40  Zergling x16  
  126  14:51  Zergling x2  
  126  14:52  Zergling x24  
  138  14:54  Baneling x8  
  138  14:58  Mutalisk x2  
  142  15:00  Zergling x6  
  145  15:07  Baneling x7  
  135  15:14  Zergling x4  
  135  15:15  Zergling x30  
  148  15:25  Drone  
  148  15:27  Zerg Ground Armor Level 3  
  148  15:28  Adrenal Glands  
  149  15:29  Drone  
  149  15:31  Baneling x2  
  149  15:32  Zergling x6  
  149  15:33  Zergling x14, Overseer  
  160  15:37  Overlord x2  
  160  15:47  Zergling x16  
  168  15:53  Overlord x2  
  168  15:55  Zerg Melee Weapons Level 3  
  168  15:56  Mutalisk x2  
  172  16:06  Mutalisk x2  
  172  16:07  Extractor  
  175  16:12  Zergling x18  
  175  16:13  Zergling x22  
  175  16:14  Baneling  
  175  16:15  Baneling x5  
  193  16:20  Zergling x16  
  193  16:25  Baneling x5  
  183  16:32  Zergling x26  
  183  16:34  Baneling  
  183  16:35  Baneling x4  
  169  16:42  Zergling x18  
  169  16:43  Zergling x2  
  169  16:46  Baneling x5  
  155  16:55  Zergling x6, Baneling x8  
  155  16:56  Zergling x12  
  158  17:05  Baneling x5  
  158  17:06  Zergling x20  
  165  17:11  Baneling x4  
  164  17:21  Zergling x2  
  164  17:22  Zergling x20  
  144  17:30  Zergling x20  
  144  17:31  Overseer  
  144  17:36  Mutalisk x6  
  149  17:41  Zergling x12  
  165  17:47  Baneling x9  
  165  17:50  Zergling x4  
  165  17:51  Zergling x10  
  172  17:55  Overseer x2  
  172  17:57  Drone x3, Extractor  
  174  18:06  Zergling x18  
  174  18:08  Baneling x10  
  174  18:12  Overlord x2  
  183  18:14  Overlord  
  183  18:15  Overlord  
  183  18:16  Overlord  
  183  18:19  Baneling x7  
  183  18:26  Baneling  
  183  18:27  Baneling x3  
  183  18:30  Overlord  
  183  18:32  Overlord  
  179  18:38  Ultralisk Cavern, Drone  
  179  18:43  Mutalisk, Baneling x4  
  179  18:45  Mutalisk  
  179  18:47  Drone x3, Extractor  
  185  18:49  Zergling x30  
  200  18:58  Baneling x11  
  200  19:00  Spore Crawler  
  197  19:03  Zergling x4  
  168  19:18  Zergling x46  
  168  19:19  Zergling x2  
  191  19:27  Chitinous Plating  
  176  19:35  Zergling x6  
  176  19:36  Zergling x24  
  183  19:44  Baneling x8  
  180  19:45  Baneling  
  180  19:46  Baneling  
  180  19:51  Baneling x4  
  180  19:55  Baneling  
  174  20:00  Zergling x24  
  174  20:01  Hatchery  
  174  20:06  Burrow  
  185  20:21  Baneling x15  
  185  20:24  Baneling  
  185  20:25  Baneling x21  
  185  20:27  Zergling x10  
  188  20:31  Baneling x4  
  177  20:40  Zergling x14  
  177  20:41  Zergling x12  
  171  20:52  Baneling x8  
  161  21:01  Zergling x34  
  169  21:09  Baneling x3  

Tags
 
Add a new tag
Caveats
  • Supply blocks, unpowered buildings, or Contaminate may cause inaccurate times.
  • Supply counts are checked every 10 seconds.